 Dungeon Crawl Stone Soup version 0.27-a0-406-g23f261fbd2 (webtiles) character file.

Game seed: 16085294494307165117

14 Hasart the Sneak (level 2, -1/25 HPs)
             Began as a Demigod Delver on Feb 22, 2021.
             Slain by a lemure (7 damage)
             ... led by Pikel
             ... in the Ecumenical Temple.
             The game lasted 00:01:52 (608 turns).

Hasart the Sneak (Demigod Delver)                    Turns: 608, Time: 00:01:52

Health: -1/25      AC:  3    Str: 13    XL:     2   Next: 15%
Magic:  4/4        EV: 12    Int: 12    God:
Gold:   0          SH:  0    Dex: 15    Spells: 1/1 levels left

rFire    . . .     SeeInvis .   a - +0 falchion
rCold    . . .     Faith    .   (no shield)
rNeg     . . .     Spirit   .   b - +0 leather armour
rPois    .         Reflect  .   (no helmet)
rElec    .         Harm     .   (no cloak)
rCorr    .         Rampage  .   (no gloves)
Will     .....                  (no boots)
Stlth    +++.......             (no amulet)
HPRegen  0.08/turn              (no ring)
MPRegen  0.09/turn              (no ring)

@: no status effects
A: high mp 1
a: no special abilities


You were in the Ecumenical Temple.
You visited 2 branches of the dungeon, and saw 3 of its levels.

Inventory:

Hand Weapons
 a - a +0 falchion (weapon)
Missiles
 h - 13 poisoned darts (quivered)
Armour
 b - a +0 leather armour (worn)
Wands
 g - a wand of digging (3)
Scrolls
 c - a scroll of fog
 d - a scroll of magic mapping
 e - 2 scrolls of fear
Potions
 f - a potion of haste


   Skills:
 + Level 2.8 Fighting
 * Level 2.2 Long Blades
 + Level 0.3 Throwing
 + Level 0.3 Armour
 + Level 1.9 Dodging
 - Level 4.5 Stealth


You had one spell level left.
You didn't know any spells.
Your spell library was empty.

Dungeon Overview and Level Annotations

Branches:
Dungeon (5/15)             Temple (1/1) D:5

Annotations:
D:4 Dowan, Duvessa
D:5 Pikel


Innate Abilities, Weirdness & Mutations

You have an increased reservoir of magic. (+10% MP)


Message History

A lemure is nearby!
A lemure is nearby!
A lemure is nearby!
The lemure hits you but does no damage.
You fly downwards.
Welcome to the Ecumenical Temple!
There is a staircase back to the Dungeon here.
You blink.
Your transformation is almost over.
Your transformation has ended.
Your +0 falchion unmelds from your body.
Your +0 leather armour unmelds from your body.
The lemure barely misses you.
You closely miss the lemure. The lemure closely misses you.
The lemure hits you!
You hit the lemure.
The lemure is lightly wounded.
The lemure closely misses you.
You riposte.
You hit the lemure.
The lemure is moderately wounded.
You closely miss the lemure.
The lemure is moderately wounded.
The lemure closely misses you.
You hit the lemure but do no damage.
The lemure is moderately wounded.
The lemure hits you.
You closely miss the lemure.
The lemure is moderately wounded.
The lemure hits you!
* * * LOW HITPOINT WARNING * * *
You hit the lemure but do no damage.
The lemure is moderately wounded.
The lemure misses you.
You barely miss the lemure.
The lemure is moderately wounded.
The lemure hits you.
* * * LOW HITPOINT WARNING * * *
The lemure hits you but does no damage.
You closely miss the lemure.
The lemure is moderately wounded.
The lemure hits you!
You die...

#+## ##...##
#.....# +..⌠..+
#.....# #....##
#@...# ##5...#
#.....# #....##
##....# #.....# .
##....## ..##
###.....#
.....##+##......##


You could see a lemure.

Vanquished Creatures
  A howler monkey skeleton (D:5)
  An orc (D:5)
  A quokka (D:5)
  A quokka skeleton (D:5)
4 creatures vanquished.

Notes
Turn   | Place    | Note
-------+----------+-------------------------------------------
     0 | D:5      | Hasart the Demigod Delver began the quest for the Orb.
     0 | D:5      | Reached XP level 1. HP: 18/18 MP: 3/3
    38 | D:5      | Found an iron altar of Okawaru.
   167 | D:4      | Noticed Duvessa
   167 | D:4      | Noticed Dowan
   187 | D:5      | Found a staircase to the Ecumenical Temple.
   231 | D:5      | Reached XP level 2. HP: 4/25 MP: 4/4
   566 | D:5      | Noticed a lemure
   566 | D:5      | Noticed a lemure
   567 | D:5      | Noticed Pikel
   567 | D:5      | Noticed a lemure
   568 | D:5      | Noticed a lemure
   579 | Temple   | Entered the Ecumenical Temple
   608 | Temple   | Slain by a lemure

Illustrated notes

Levels and vault maps discovered:
D:4:      wad_woods_pond, layout_cave_pools, lemuel_doored_altar, uniq_menkaure,
          uniq_duvessa
D:5:      layout_cave_pools, kennysheep_mini_moat, temple_fountains,
          minivault_4, nicolae_tso_carved_into_rock, uniq_pikel
Temple:   minmay_temple_curvy_branch

Skill      XL: |  1 |
---------------+----+-----
Long Blades    | 2 |  2.2
Fighting       | |  2.8
Throwing       | |  0.3
Armour         | |  0.3
Dodging        | |  1.9
Stealth        | |  4.5

Action                   || total
-------------------------++-------
Melee: Falchion          ||    29
 Stab: Sleeping          ||     1
Armor: Leather armour    ||     3
       Skin              ||     1
Dodge: Dodged            ||    15
       Rpst.: Falchion   ||     4

Table legend: (Time is in decaauts)
 A = Elapsed time spent in this place.
 B = Non-inter-level travel time spent in this place.
 C = Inter-level travel time spent in this place.
 D = Time resting spent in this place.
 E = Time spent auto-exploring this place.
 F = Levels seen in this place.
 G = Mean time per level.
                   A        B        C        D        E       F      G
               +--------+--------+--------+--------+--------+-----+--------+
         Total |    609 |    609 |      0 |    366 |     62 |   3 |  203.0 |
       Dungeon |    582 |    582 |      0 |    366 |     62 |   2 |  291.0 |
        Temple |     26 |     26 |      0 |      0 |      0 |   1 |   26.0 |
               +--------+--------+--------+--------+--------+-----+--------+

Top non-repeatable levels by time:
     D:5: 580 daAuts
  Temple: 26 daAuts
     D:4: 1 daAuts
